 Dungeon Crawl Stone Soup version 0.29-a0-222-g5b244fca1f (webtiles) character file.

Game seed: 1001154608998461031

1222 dolemite99 the Digger (level 8, -3/58 HPs)
             Began as a Gnoll Earth Elementalist on Feb 28, 2022.
             Succumbed to a water moccasin's poison
             ... on level 5 of the Dungeon.
             The game lasted 00:10:26 (8219 turns).

dolemite99 the Digger (Gnoll Earth Elementalist)    Turns: 8219, Time: 00:10:27

Health: -3/58      AC:  2    Str:  6 (9)  XL:     8   Next: 47%
Magic:  13/17      EV: 13    Int: 15 (16) God:
Gold:   91         SH:  0    Dex:  9 (12) Spells: 11/19 levels left

rFire   + . .      SeeInvis .   b - +0 rapier (flame)
rCold   . . .      Faith    .   (no shield)
rNeg    . . .      Spirit   .   A - +0 robe {rF+}
rPois   .          Reflect  .   (no helmet)
rElec   .          Harm     .   (no cloak)
rCorr   .          Rampage  .   (no gloves)
Will    .....                   (no boots)
Stlth   +++.......              (no amulet)
HPRegen 0.19/turn               (no ring)
MPRegen 0.15/turn               (no ring)

@: lethally poisoned (-3 -> -36)
A: fangs 1, strong nose, distributed training
a: no special abilities


You were on level 5 of the Dungeon.
You visited 1 branch of the dungeon, and saw 5 of its levels.

You collected 310 gold pieces.
You spent 219 gold pieces at shops.

Inventory:

Hand Weapons
 a - a +2 spear of pain
 b - a +0 rapier of flaming (weapon)
Missiles
 l - 6 poisoned darts
 z - 16 stones
Armour
 A - a +0 robe of fire resistance (worn)
Magical Staves
 y - a staff of cold
Jewellery
 e - a ring of ice
Wands
 u - a wand of flame (2)
Scrolls
 c - a scroll of fear {unknown}
 d - a scroll of torment {unknown}
 h - a scroll of enchant armour {unknown}
 j - a scroll of summoning
 m - 2 scrolls of enchant weapon {unknown}
 n - a scroll of immolation
 o - 3 scrolls of teleportation {unknown}
 r - a scroll of identify {unknown}
Potions
 i - a potion of ambrosia {unknown}
 k - a potion of mutation {unknown}
 p - a potion of degeneration
 v - a potion of curing {unknown}
 w - 2 potions of might {unknown}
 x - a potion of attraction {unknown}
 Z - a potion of invisibility {unknown}


   Skills:
 + Level 3.3 Fighting
 + Level 3.3 Short Blades
 + Level 3.3 Long Blades
 + Level 3.3 Axes
 + Level 3.3 Maces & Flails
 + Level 3.3 Polearms
 + Level 3.3 Staves
 + Level 3.3 Slings
 + Level 3.3 Bows
 + Level 3.3 Crossbows
 + Level 3.3 Throwing
 + Level 3.3 Armour
 + Level 5.7 Dodging
 + Level 5.4 Stealth
 + Level 3.3 Shields
 + Level 3.3 Unarmed Combat
 + Level 6.0 Spellcasting
 + Level 2.6 Conjurations
 + Level 2.6 Hexes
 + Level 2.6 Summonings
 + Level 2.6 Necromancy
 + Level 2.6 Translocations
 + Level 3.5 Transmutations
 + Level 2.6 Fire Magic
 + Level 2.6 Ice Magic
 + Level 2.6 Air Magic
 + Level 6.1 Earth Magic
 + Level 2.6 Poison Magic
 + Level 3.6 Invocations
 + Level 3.3 Evocations


You had 11 spell levels left.
You knew the following spells:

 Your Spells              Type           Power      Damage    Failure   Level
a - Pain                  Necr           48%        1d6       4%          1
b - Sandblast             Erth           46%        2d11      1%          1
c - Stone Arrow           Conj/Erth      34%        3d9       7%          3
d - Animate Skeleton      Necr           24%        N/A       4%          1
e - Passwall              Tmut/Erth      15%        N/A       3%          2

Your spell library contained the following spells:

 Spells                   Type           Power      Damage    Failure   Level
 Apportation              Tloc           24%        N/A       4%          1
 Summon Small Mammal      Summ           48%        N/A       4%          1
 Vampiric Draining        Necr           12%        2d6       14%         3
 Petrify                  Tmut/Erth      19%        N/A       21%         4


Dungeon Overview and Level Annotations

Branches:
Dungeon (5/15)
 Temple: D:4-7

Altars:

Shops:
D:5 *

Annotations:
D:3 1 runed translucent door, 14MN0B0DY's ghost, amateur MiBe


Innate Abilities, Weirdness & Mutations

You have very sharp teeth.
Your uncanny sense of smell can sniff out nearby items.
Your experience applies equally to all skills.


Message History

You feel very sick. The water moccasin closely misses you.
The scorpion closely misses you. The water moccasin bites you.
You are lethally poisoned!
The water moccasin poisons you!
Casting: Sandblast (safe; 1% risk of failure)
Confirm with . or Enter, or press ? or * to list all spells.
Aiming: Sandblast (safe; 1% risk of failure)
Press: ? - help, Shift-Dir - straight line, f/p - scorpion
Aim: a scorpion (severely wounded, 81% to hit)
The blast of sand hits the scorpion.
The scorpion is almost dead.
You feel extremely sick. The water moccasin barely misses you.
The phantom hits you but does no damage.
The scorpion barely misses you.
You are too injured to fight recklessly!
Unknown command.
You feel much better.
You feel extremely sick. The water moccasin bites you.
You are lethally poisoned!
The water moccasin poisons you! The scorpion barely misses you.
The phantom hits you! The water moccasin barely misses you.
Casting: Sandblast (safe; 1% risk of failure)
Confirm with . or Enter, or press ? or * to list all spells.
Okay, then.
As you read the scroll of summoning, it crumbles to dust.
Wisps of shadow whirl around you...
* * * LOW HITPOINT WARNING * * *
You feel extremely sick. The scorpion stings you.
* * * LOW HITPOINT WARNING * * *
The phantom misses you. The water moccasin bites you!
* * * LOW HITPOINT WARNING * * *
The scorpion misses you.
It was a potion of degeneration.
There was something very wrong with that liquid.
You feel weakened.
You feel dopey.
You feel clumsy.
You die...

#.....# #.........
#.....# ....
#.....#############
###.####:.........##
#.###......g.....#
#>##....g.......>.
#.##....5g........
#.##......gss...).
#.##......@W......
#.##......Sh......
#.###......g.....# #.#
##..........##
######.###..##########
#..........##
#..........#
#..........#
#..........#


You could see a phantom (ally target), a water moccasin (ally target), a
scorpion (ally target), a friendly gnoll shaman (summoned), a friendly scorpion
(summoned), a friendly hound (summoned), 4 friendly gnolls and a friendly shadow
imp (summoned).

Vanquished Creatures
  Sigmund (D:5)
  A water moccasin (D:4)
  A black bear (D:5)
  2 ogres
  2 scorpions
  3 hounds
  A jelly (D:4)
  A gnoll shaman (D:4)
  4 orc priests (D:5)
  An iguana (D:4)
  4 orc wizards
  5 gnolls
  4 adders
  A shadow imp (D:5)
  A white imp (D:5)
  2 worms
  3 dart slugs
  8 orcs
  6 endoplasms
  6 giant cockroaches
  4 goblins
  4 hobgoblins
  5 kobolds
  4 quokkas
  6 ball pythons
  6 bats
  3 frilled lizards
  12 rats
101 creatures vanquished.

Vanquished Creatures (others)
  An orc wizard (D:5)
1 creature vanquished.

Grand Total: 102 creatures vanquished

Notes
Turn   | Place    | Note
-------+----------+-------------------------------------------
     0 | D:1      | dolemite99 the Gnoll Earth Elementalist began the quest for
                  | the Orb.
     0 | D:1      | Reached XP level 1. HP: 13/13 MP: 6/6
   234 | D:1      | Reached XP level 2. HP: 18/19 MP: 5/7
   645 | D:1      | Reached XP level 3. HP: 25/25 MP: 7/9
   684 | D:1      | Reached skill level 5 in Spellcasting
   911 | D:1      | Reached skill level 1 in Invocations
   951 | D:1      | Learned a level 3 spell: Stone Arrow
   954 | D:1      | Learned a level 2 spell: Passwall
  1397 | D:2      | Reached skill level 1 in Fighting
  1397 | D:2      | Reached skill level 1 in Short Blades
  1397 | D:2      | Reached skill level 1 in Long Blades
  1397 | D:2      | Reached skill level 1 in Axes
  1397 | D:2      | Reached skill level 1 in Maces & Flails
  1397 | D:2      | Reached skill level 1 in Polearms
  1397 | D:2      | Reached skill level 1 in Staves
  1397 | D:2      | Reached skill level 1 in Slings
  1397 | D:2      | Reached skill level 1 in Bows
  1397 | D:2      | Reached skill level 1 in Crossbows
  1397 | D:2      | Reached skill level 1 in Throwing
  1397 | D:2      | Reached skill level 1 in Armour
  1397 | D:2      | Reached skill level 1 in Shields
  1397 | D:2      | Reached skill level 1 in Unarmed Combat
  1397 | D:2      | Reached skill level 1 in Evocations
  2022 | D:3      | Reached XP level 4. HP: 32/32 MP: 7/11
  2289 | D:3      | Found a runed translucent door.
  2291 | D:3      | Noticed 14MN0B0DY's ghost (amateur MiBe)
  2338 | D:3      | Reached skill level 1 in Conjurations
  2338 | D:3      | Reached skill level 1 in Hexes
  2338 | D:3      | Reached skill level 1 in Summonings
  2338 | D:3      | Reached skill level 1 in Necromancy
  2338 | D:3      | Reached skill level 1 in Translocations
  2338 | D:3      | Reached skill level 1 in Fire Magic
  2338 | D:3      | Reached skill level 1 in Ice Magic
  2338 | D:3      | Reached skill level 1 in Air Magic
  2338 | D:3      | Reached skill level 1 in Poison Magic
  2795 | D:4      | Reached XP level 5. HP: 36/37 MP: 12/12
  2832 | D:4      | Noticed an ogre
  2852 | D:4      | Killed an ogre
  3241 | D:4      | Reached XP level 6. HP: 20/44 MP: 0/14
  3490 | D:4      | Noticed a water moccasin
  3499 | D:4      | Killed a water moccasin
  3500 | D:4      | Reached skill level 5 in Dodging
  3785 | D:4      | Reached XP level 7. HP: 21/50 MP: 4/15
  4551 | D:5      | Entered Level 5 of the Dungeon
  5732 | D:4      | Learned a level 1 spell: Animate Skeleton
  5734 | D:4      | Learned a level 1 spell: Pain
  6117 | D:5      | Reached skill level 5 in Stealth
  6902 | D:5      | Noticed Sigmund
  7564 | D:5      | Reached XP level 8. HP: 57/57 MP: 5/16
  7756 | D:5      | Found Zomal's Fire Supplies.
  7771 | D:5      | Bought a +0 robe of fire resistance for 100 gold pieces
  7783 | D:5      | Bought a +0 rapier of flaming for 119 gold pieces
  7937 | D:5      | Killed Sigmund
  8219 | D:5      | Succumbed to a water moccasin's poison

Illustrated notes

Levels and vault maps discovered:
D:1:      ebering_trefoil_3fold, layout_rooms
D:2:      layout_basic
D:3:      layout_basic, ebering_ghost_inner_flame
D:4:      layout_cave_pools
D:5:      layout_rooms, serial_shops, nicolae_lakefront_shop,
          nicolae_shop_fire_sale [nicolae_sub_dead_trees], uniq_edmund,
          uniq_sigmund

Skill      XL: |  1  2  3  4  5  6  7  8 |
---------------+-------------------------+-----
Transmutations | 2 3 |  3.5
Spellcasting   | 5 6 |  6.0
Invocations    | 1 2 3 |  3.6
Fighting       | 1 2 3 |  3.3
Short Blades   | 1 2 3 |  3.3
Long Blades    | 1 2 3 |  3.3
Axes           | 1 2 3 |  3.3
Maces & Flails | 1 2 3 |  3.3
Polearms       | 1 2 3 |  3.3
Staves         | 1 2 3 |  3.3
Slings         | 1 2 3 |  3.3
Bows           | 1 2 3 |  3.3
Crossbows      | 1 2 3 |  3.3
Throwing       | 1 2 3 |  3.3
Armour         | 1 2 3 |  3.3
Shields        | 1 2 3 |  3.3
Unarmed Combat | 1 2 3 |  3.3
Evocations     | 1 2 3 |  3.3
Conjurations   | 1 2 |  2.6
Hexes          | 1 2 |  2.6
Summonings     | 1 2 |  2.6
Necromancy     | 1 2 |  2.6
Translocations | 1 2 |  2.6
Fire Magic     | 1 2 |  2.6
Ice Magic      | 1 2 |  2.6
Air Magic      | 1 2 |  2.6
Poison Magic   | 1 2 |  2.6
Dodging        | 5 |  5.7
Stealth        | 5 |  5.4
Earth Magic    | 6 |  6.1

Action                   |  1- 3 |  4- 6 |  7- 9 || total
-------------------------+-------+-------+-------++-------
Melee: Dagger            |    31 |    22 |       ||    53
       Bite              |     4 |     3 |     3 ||    10
       Trident           |       |     8 |    19 ||    27
       Spear             |       |       |     7 ||     7
       Punch             |       |       |     2 ||     2
 Cast: Sandblast         |    50 |    16 |    11 ||    77
       Stone Arrow       |       |    17 |    38 ||    55
       Pain              |       |       |    31 ||    31
Evoke: Wand              |       |    12 |     2 ||    14
  Use: Potion            |       |       |     5 ||     5
       Scroll            |       |       |     2 ||     2
 Stab: Sleeping          |     1 |     1 |       ||     2
Armor: Robe              |     7 |     8 |    12 ||    27
Dodge: Dodged            |    43 |    39 |    52 ||   134

Table legend: (Time is in decaauts)
 A = Elapsed time spent in this place.
 B = Non-inter-level travel time spent in this place.
 C = Inter-level travel time spent in this place.
 D = Time resting spent in this place.
 E = Time spent auto-exploring this place.
 F = Levels seen in this place.
 G = Mean time per level.
                   A        B        C        D        E       F      G
               +--------+--------+--------+--------+--------+-----+--------+
         Total |   8192 |   7882 |    310 |   4626 |   1994 |   5 | 1638.4 |
       Dungeon |   8192 |   7882 |    310 |   4626 |   1994 |   5 | 1638.4 |
               +--------+--------+--------+--------+--------+-----+--------+

Top non-repeatable levels by time:
     D:4: 4441 daAuts
     D:1: 1104 daAuts
     D:5: 970 daAuts
     D:2: 897 daAuts
     D:3: 779 daAuts
